 Dungeon Crawl Stone Soup version 0.21-a0-633-g4c047d5 (webtiles) character file.

534 Alarkh the Slasher (level 7, 42/50 HPs)
             Began as a Demonspawn Skald on Dec 28, 2017.
             Got out of the dungeon alive.
             The game lasted 00:07:22 (5896 turns).

Alarkh the Slasher (Demonspawn Skald)               Turns: 5896, Time: 00:07:22

Health: 42/50      AC:  8    Str: 12      XL:     7   Next: 4%
Magic:  10/10      EV: 10    Int: 19 (20) God:
Gold:   112        SH:  0    Dex: 11 (12) Spells: 9/10 levels left

rFire    . . .     SeeInvis .   a - +0 falchion
rCold    . . .     Gourm    .   (no shield)
rNeg     . . .     Faith    .   q - +0 ring mail (curse)
rPois    .         Spirit   .   (helmet restricted)
rElec    .         Reflect  .   (no cloak)
rCorr    .         Harm     .   o - +0 pair of gloves
MR       +....                  (no boots)
Stlth    ..........             (no amulet)
HPRegen  0.16/turn              (no ring)
MPRegen  0.12/turn              (no ring)

@: no status effects
A: hooves 1, horns 1, molten scales 1, clever 2, foul stench 1, magic resistance
1, powered by death 1, rot immunity
a: no special abilities


You escaped.
You were not hungry.

You visited 1 branch of the dungeon, and saw 4 of its levels.

You collected 112 gold pieces.

Inventory:

Hand Weapons
 a - a +0 falchion (weapon)
 h - a +2 trident of protection
Armour
 b - a +0 leather armour
 f - a +2 animal skin
 g - a +0 helmet
 k - a +0 scale mail of fire resistance
 o - a +0 pair of gloves (worn)
 q - a cursed +0 ring mail (worn)
Magical Staves
 r - an uncursed staff of summoning {unknown}
Jewellery
 l - an uncursed ring of fire
Wands
 e - a wand of random effects (37)
 j - a wand of flame (24)
Scrolls
 i - a scroll of remove curse
 m - a scroll of teleportation
 s - a scroll of magic mapping {unknown}
 t - a scroll of blinking
Potions
 n - 2 potions of degeneration
 p - a potion of magic
Books
 c - a book of Battle

   Spells                             Type                      Level
   a - Infusion                       Charms                       1
   b - Shroud of Golubria             Charms/Translocation         2
   c - Song of Slaying                Charms                       2
   d - Spectral Weapon                Hexes/Charms                 3
   e - Regeneration                   Charms/Necromancy            3
Comestibles
 d - 2 rations


   Skills:
 - Level 2.0 Fighting
 + Level 7.1 Long Blades
 - Level 0.8 Armour
 - Level 1.7 Dodging
 - Level 2.0 Spellcasting
 - Level 2.6 Charms


You had 9 spell levels left.
You knew the following spells:

 Your Spells              Type           Power        Failure   Level  Hunger
a - Infusion              Chrm           ##..         13%         1    #......


Dungeon Overview and Level Annotations

Branches:
Dungeon (4/15)
 Temple: D:4-7

Altars:
Yredelemnul


Innate Abilities, Weirdness & Mutations

You have a pair of small horns on your head.
You are partially covered in molten scales. (AC +2)
You may emit foul miasma when damaged in melee.
You regenerate a little health from kills.
You are immune to rotting.
You have large cloven feet.
Your mind is very acute. (Int +4)
You are resistant to hostile enchantments. (MR+)


Message History

You are too injured to fight recklessly!
The ooze barely misses you.
You hit the ooze. You kick the ooze.
The ooze is heavily wounded.
The ooze hits you.
You slash the ooze!
You kill the ooze!
There is a stone staircase leading up here.
You climb upwards.
There is a stone staircase leading down here.
There is a large open door here.
There is a large open door here.
Magic restored.
There is an open door here.
There is an escape hatch in the ceiling here.
A mysterious force pulls you upwards. The hatch slams shut behind you.
There is an open door here.
There is a staircase leading out of the dungeon here.
Are you sure you want to leave the Dungeon?
This will make you lose the game!
You have escaped!

###########
#.........###
#.8.#####...#
#...#≈≈;#.#.#
#.#.#≈≈≈#.#.#
#.#.#;≈≈#.#.#
#.#.#####.#.# ##
#@#.......#.#####>
#.#.#####.#.......
#.#.#≈≈≈#.####....
#.#.#≈≈≈#.# #.##.
#...#≈≈≈#.####.##.
#.8.#####...##.##.
#.........#....##.
##############.###
#.##.


There were no monsters in sight!

Vanquished Creatures
  A sky beast (D:4)
  The ghost of Lanoc the Sneak, an amateur GnAs (D:3)
  An orc priest (D:4)
  Natasha (thrice) (D:2)
  An iguana (D:2)
  Robin (D:2)
  7 gnolls
  An adder (D:2)
  4 oozes
  A worm (D:3)
  3 dart slugs
  6 leopard geckos
  9 orcs
  4 giant cockroaches
  8 hobgoblins
  6 jackals
  8 kobolds
  A quokka (D:3)
  A ball python (D:2)
  10 bats
  5 frilled lizards
  14 goblins
  8 rats
  A spectral orc (D:2)
105 creatures vanquished.

Notes
Turn   | Place    | Note
-------+----------+-------------------------------------------
     0 | D:1      | Alarkh the Demonspawn Skald began the quest for the Orb.
     0 | D:1      | Reached XP level 1. HP: 16/16 MP: 3/3
     3 | D:1      | Noticed an electric eel
     3 | D:1      | Noticed an electric eel
    58 | D:1      | Reached skill level 2 in Long Blades
   402 | D:1      | Gained mutation: You regenerate a little health from kills. [demonic ancestry]
   402 | D:1      | Reached XP level 2. HP: 6/22 MP: 1/5
   863 | D:1      | Reached skill level 3 in Long Blades
   886 | D:1      | Gained mutation: You are immune to rotting. [demonic ancestry]
   886 | D:1      | Reached XP level 3. HP: 22/27 MP: 0/6
  2559 | D:2      | Gained mutation: Your mind is acute. (Int +2) [potion of mutation]
  2559 | D:2      | Gained mutation: You have large cloven feet. [potion of mutation]
  2559 | D:2      | Gained mutation: You are resistant to hostile enchantments. (MR+) [potion of mutation]
  2559 | D:2      | Gained mutation: Your mind is very acute. (Int +4) [potion of mutation]
  2566 | D:2      | Reached skill level 4 in Long Blades
  2566 | D:2      | Reached XP level 4. HP: 32/33 MP: 3/7
  2893 | D:2      | Noticed Natasha
  2902 | D:2      | Killed Natasha
  2902 | D:2      | Gained mutation: You may emit foul miasma when damaged in melee. [demonic ancestry]
  2902 | D:2      | Reached XP level 5. HP: 21/38 MP: 4/8
  2950 | D:2      | Reached skill level 5 in Long Blades
  2966 | D:2      | Found a basalt altar of Yredelemnul.
  3128 | D:2      | Noticed Robin
  3206 | D:3      | Noticed Lanoc's ghost (amateur GnAs)
  3643 | D:2      | Killed Robin
  3826 | D:2      | Noticed Natasha
  3837 | D:2      | Killed Natasha
  4090 | D:2      | Noticed Natasha
  4098 | D:2      | Killed Natasha
  4447 | D:3      | Killed Lanoc's ghost
  4447 | D:3      | Reached skill level 6 in Long Blades
  4447 | D:3      | Gained mutation: You are partially covered in molten scales. (AC +2) [demonic ancestry]
  4447 | D:3      | Reached XP level 6. HP: 40/44 MP: 1/9
  5492 | D:4      | Noticed a sky beast
  5522 | D:4      | Killed a sky beast
  5755 | D:4      | Reached skill level 7 in Long Blades
  5755 | D:4      | Gained mutation: You have a pair of small horns on your head. [demonic ancestry]
  5755 | D:4      | Reached XP level 7. HP: 19/50 MP: 4/10
  5896 | D:$      | Got out of the dungeon alive.

Vault maps used:
D:1:      arrival_aquarium_b, serial_bayou, serial_bayou_pond_b,
          serial_bayou_pond_d, serial_bayou_ford_a, serial_bayou_crossing,
          st_stairs_9
D:2:      yredelemnul_forgotten_temple_becter, uniq_natasha, uniq_robin
D:3:      first_ration, hangedman_abyss_or_decor_lesser_grid

Skill      XL: |  1  2  3  4  5  6 |
---------------+-------------------+-----
Long Blades    | 2 3 4 6 7 |  7.1
Fighting       | |  2.0
Armour         | |  0.8
Dodging        | |  1.7
Spellcasting   | |  2.0
Charms         | |  2.6

Action                   |  1- 3 |  4- 6 |  7- 9 || total
-------------------------+-------+-------+-------++-------
Melee: Falchion          |   146 |   186 |     4 ||   336
       Kick              |     1 |    47 |     1 ||    49
       Headbutt          |       |       |     1 ||     1
 Cast: Infusion          |    22 |    19 |       ||    41
  Use: Scroll            |     3 |       |       ||     3
       Potion            |     3 |     7 |       ||    10
  Eat: Chunk             |     5 |     8 |       ||    13
       Ration            |       |     1 |       ||     1
Armor: Leather armour    |    71 |    14 |       ||    85
       Skin              |       |    23 |       ||    23
       Animal skin       |       |    20 |       ||    20
       Ring mail         |       |    22 |       ||    22
Dodge: Dodged            |   136 |   111 |     2 ||   249
       Rpst.: Falchion   |    30 |    31 |       ||    61

Table legend:
 A = Spawn XP
 B = Non-spawn XP
 C = Spawn XP percentage of total XP
 D = Spawn monster count
 E = Non-spawn monster count
 F = Spawn count percentage of total count
 G = Total turns spent on level
                    A         B        C        D         E        F      G
               +---------+---------+-------+---------+---------+-------+---------
         Total |       0 |     764 |   0.0 |       0 |     105 |   0.0 |  5896
               +---------+---------+-------+---------+---------+-------+---------
           D:1 |       0 |      64 |   0.0 |       0 |      34 |   0.0 |  2221
           D:2 |       0 |     273 |   0.0 |       0 |      36 |   0.0 |  2169
           D:3 |       0 |     241 |   0.0 |       0 |      28 |   0.0 |  1182
           D:4 |       0 |     186 |   0.0 |       0 |       7 |   0.0 |   324
               +---------+---------+-------+---------+---------+-------+---------
